PAAA
PHOENIX HOTSPUR RESERVES @ TORTOLITA DRUMMERS
07/01/2022
 
TOP OF THE 1ST
Phoenix Hotspur Reserves batting - Pitching for Tortolita Drummers : RHP Luis Ríos
Pitching: RHP Luis Ríos
Batting: RHB Gabriel Pérez 0-0: Called Strike
0-1: SOLO HOME RUN (Flyball, 8LXD), Distance : 439 ft
Batting: RHB Randy Rehling 0-0: Swinging Strike
0-1: Swinging Strike
0-2: Foul Ball, location: 2F
0-2: Strikes out looking
Batting: SHB Roberto López 0-0: Called Strike
0-1: Swinging Strike
0-2: Strikes out swinging
Batting: RHB Martín Martínez 0-0: Called Strike
0-1: Ground out 5-3 (Groundball, 5S)
Top of the 1st over - 1 run(s), 1 hit(s), 0 error(s), 0 left on base; Phoenix 1 - Tortolita 0
BOTTOM OF THE 1ST
Tortolita Drummers batting - Pitching for Phoenix Hotspur Reserves : LHP Joey Dudley
Pitching: LHP Joey Dudley
Batting: SHB Mauro López 0-0: Ball
1-0: Ball
2-0: SINGLE (Line Drive, 8LS)
Batting: RHB Jorge Féliz 0-0: Ball
1-0: Called Strike
1-1: Reached on error, E5 (Groundball, 5)
Mauro López to second
Batting: RHB Lonnie Conrad 0-0: Ball
1-0: Foul Ball, location: 2F
1-1: Called Strike
1-2: Foul Ball, location: 2F
1-2: Strikes out looking
Batting: SHB Will Brock 0-0: Foul Ball, location: 2F
0-1: Ball
1-1: Ball
2-1: Swinging Strike
2-2: Ball
3-2: Strikes out looking
Batting: SHB Dan Godwin 0-0: Fielders Choice at 2nd, U6 (Groundball, 6M)
Bottom of the 1st over - 0 run(s), 1 hit(s), 1 error(s), 2 left on base; Phoenix 1 - Tortolita 0
TOP OF THE 2ND
Phoenix Hotspur Reserves batting - Pitching for Tortolita Drummers : RHP Luis Ríos
Batting: RHB Jorge Gonzáles 0-0: Called Strike
0-1: SINGLE (Groundball, 34)
Batting: RHB Júlio Mateo 0-0: Ball
1-0: Foul Ball, location: 2F
1-1: Foul Ball, location: 2F
1-2: Foul Ball, location: 2F
1-2: Foul Ball, location: 2F
1-2: Strikes out swinging
Batting: RHB Ben Anderson 0-0: Ball
1-0: Called Strike
1-1: Called Strike
1-2: Ball
2-2: Ball
Single, Error in OF, E7, batter to second base
Jorge Gonzáles to third
Batting: SHB Jesús González 0-0: Ground out 4-3 (Groundball, 34)
Jorge Gonzáles scores
Ben Anderson to third
Batting: RHB Christian O'Neal 0-0: Called Strike
0-1: Called Strike
0-2: Ball
1-2: Foul Ball, location: 2F
1-2: Ball
2-2: SINGLE (Line Drive, 56D)
Ben Anderson scores
Batting: RHB Gabriel Pérez 0-0: Ball
1-0: SINGLE (Groundball, 25) (infield hit)
Christian O'Neal to second
Batting: RHB Randy Rehling 0-0: Ball
1-0: Called Strike
1-1: Ball
2-1: Ground out 5-3 (Groundball, 5L)
Top of the 2nd over - 2 run(s), 4 hit(s), 1 error(s), 2 left on base; Phoenix 3 - Tortolita 0
BOTTOM OF THE 2ND
Tortolita Drummers batting - Pitching for Phoenix Hotspur Reserves : LHP Joey Dudley
Batting: RHB Jim Harris 0-0: Ball
1-0: Ball
2-0: Ground out 6-3 (Groundball, 6M)
Batting: SHB Cedric Fields 0-0: Called Strike
0-1: Ball
1-1: Called Strike
1-2: Fly out, F8 (Flyball, 8RM)
Batting: LHB Adrián Franco 0-0: Ball
1-0: Ball
2-0: Ground out 4-3 (Groundball, 4)
Bottom of the 2nd over - 0 run(s), 0 hit(s), 0 error(s), 0 left on base; Phoenix 3 - Tortolita 0
TOP OF THE 3RD
Phoenix Hotspur Reserves batting - Pitching for Tortolita Drummers : RHP Luis Ríos
Batting: SHB Roberto López 0-0: Called Strike
0-1: Ball
1-1: Ground out 1-3 (Groundball, 15)
Batting: RHB Martín Martínez 0-0: SINGLE (Groundball, 6MD)
Batting: RHB Jorge Gonzáles 0-0: Called Strike
0-1: Ball
1-1: SINGLE (Line Drive, 9LS)
Martín Martínez to second
Runner from 2nd tries for 3rd, SAFE, no throw or cutoff
Batting: RHB Júlio Mateo 0-0: Foul Ball, location: 2F
0-1: Called Strike
0-2: Ball
1-2: Strikes out swinging
Batting: RHB Ben Anderson 0-0: SINGLE (Line Drive, 6MD)
Martín Martínez scores
Jorge Gonzáles to second
Batting: SHB Jesús González 0-0: Called Strike
0-1: Called Strike
0-2: Ground out 4-3 (Groundball, 13)
Top of the 3rd over - 1 run(s), 3 hit(s), 0 error(s), 2 left on base; Phoenix 4 - Tortolita 0
BOTTOM OF THE 3RD
Tortolita Drummers batting - Pitching for Phoenix Hotspur Reserves : LHP Joey Dudley
Batting: RHB Nick Reed 0-0: Ball
1-0: Ball
2-0: Ball
3-0: Base on Balls
Batting: SHB Mauro López 0-0: Called Strike
0-1: Ball
1-1: Called Strike
1-2: Foul Ball, location: 2F
1-2: Ball
2-2: SINGLE (Line Drive, 7LS)
Nick Reed to second
Batting: RHB Jorge Féliz 0-0: Fielders Choice at 2nd, 1-6 (Groundball, 13)
Nick Reed to third
Batting: RHB Lonnie Conrad 0-0: Ball
1-0: Called Strike
1-1: Ball
2-1: Fly out, F3 (Popup, 3F)
Batting: SHB Will Brock 0-0: Ball
1-0: Foul Ball, location: 2F
1-1: Ball
2-1: Ball
3-1: Base on Balls
Jorge Féliz to second
Batting: SHB Dan Godwin 0-0: Swinging Strike
0-1: Ball
1-1: Foul Ball, location: 2F
1-2: Ball
2-2: Strikes out swinging
Bottom of the 3rd over - 0 run(s), 1 hit(s), 0 error(s), 3 left on base; Phoenix 4 - Tortolita 0
TOP OF THE 4TH
Phoenix Hotspur Reserves batting - Pitching for Tortolita Drummers : RHP Luis Ríos
Batting: RHB Christian O'Neal 0-0: Called Strike
0-1: Called Strike
0-2: Ball
1-2: Foul Ball, location: 2F
1-2: Fly out, F8 (Flyball, 8RD)
Batting: RHB Gabriel Pérez 0-0: Foul Ball, location: 2F
0-1: Ball
1-1: Ground out 6-3 (Groundball, 56)
Batting: RHB Randy Rehling 0-0: Swinging Strike
0-1: Ball
1-1: Swinging Strike
1-2: Ball
2-2: Strikes out swinging
Top of the 4th over - 0 run(s), 0 hit(s), 0 error(s), 0 left on base; Phoenix 4 - Tortolita 0
BOTTOM OF THE 4TH
Tortolita Drummers batting - Pitching for Phoenix Hotspur Reserves : LHP Joey Dudley
Batting: RHB Jim Harris 0-0: Ball
1-0: Ball
2-0: Foul Ball, location: 2F
2-1: Ball
3-1: Foul Ball, location: 2F
3-2: Foul Ball, location: 2F
3-2: Ground out 6-3 (Groundball, 6M)
Batting: SHB Cedric Fields 0-0: Ball
1-0: Ball
2-0: Ball
3-0: Base on Balls
Batting: LHB Adrián Franco 0-0: Called Strike
0-1: Called Strike
0-2: Foul Ball, location: 2F
0-2: Foul Ball, location: 2F
0-2: Ball
1-2: Ball
2-2: Foul Ball, location: 2F
2-2: Foul Ball, location: 2F
2-2: Ball
3-2: Strikes out swinging
Cedric Fields is caught stealing 2nd base
Batter strikes out.
Bottom of the 4th over - 0 run(s), 0 hit(s), 0 error(s), 0 left on base; Phoenix 4 - Tortolita 0
TOP OF THE 5TH
Phoenix Hotspur Reserves batting - Pitching for Tortolita Drummers : RHP Luis Ríos
Batting: SHB Roberto López 0-0: Called Strike
0-1: Ball
1-1: Called Strike
1-2: Ground out 4-3 (Groundball, 4)
Batting: RHB Martín Martínez 0-0: Ball
1-0: Foul Ball, location: 2F
1-1: Ball
2-1: Ball
3-1: Foul Ball, location: 2F
3-2: Strikes out swinging
Batting: RHB Jorge Gonzáles 0-0: Fly out, F3 (Popup, 23F)
Top of the 5th over - 0 run(s), 0 hit(s), 0 error(s), 0 left on base; Phoenix 4 - Tortolita 0
BOTTOM OF THE 5TH
Tortolita Drummers batting - Pitching for Phoenix Hotspur Reserves : LHP Joey Dudley
Pitching: RHP Richard Carlson
Batting: RHB Nick Reed 0-0: Swinging Strike
0-1: Ball
1-1: Reached on error, E3 (Groundball, 3S)
Batting: SHB Mauro López 0-0: Ball
1-0: Foul Ball, location: 2F
1-1: Called Strike
1-2: Ball
2-2: Foul Ball, location: 2F
2-2: Strikes out looking
Batting: RHB Jorge Féliz 0-0: Called Strike
Nick Reed steals 2nd base
0-1: Ball
1-1: Fly out, F7 (Flyball, 7M)
Batting: RHB Lonnie Conrad 0-0: Ball
1-0: Ball
2-0: Foul Ball, location: 2F
2-1: Foul Ball, location: 2F
2-2: Foul Ball, location: 2F
2-2: Strikes out swinging
Bottom of the 5th over - 0 run(s), 0 hit(s), 1 error(s), 1 left on base; Phoenix 4 - Tortolita 0
TOP OF THE 6TH
Phoenix Hotspur Reserves batting - Pitching for Tortolita Drummers : RHP Luis Ríos
Batting: RHB Júlio Mateo 0-0: Called Strike
0-1: Fly out, F3 (Popup, 3DF)
Batting: RHB Ben Anderson 0-0: Ball
1-0: Ball
2-0: Called Strike
2-1: Ground out 5-3 (Groundball, 56S)
Batting: SHB Jesús González 0-0: Called Strike
0-1: Ball
1-1: Foul Ball, location: 2F
1-2: Foul Ball, location: 2F
1-2: Strikes out swinging
Top of the 6th over - 0 run(s), 0 hit(s), 0 error(s), 0 left on base; Phoenix 4 - Tortolita 0
BOTTOM OF THE 6TH
Tortolita Drummers batting - Pitching for Phoenix Hotspur Reserves : RHP Richard Carlson
Batting: SHB Will Brock 0-0: Called Strike
0-1: Foul Ball, location: 2F
0-2: Ball
1-2: Ball
2-2: Ground out U3 (Groundball, 3L)
Batting: SHB Dan Godwin 0-0: Ball
1-0: Ball
2-0: Foul Ball, location: 2F
2-1: Fly out, F7 (Flyball, 7LM)
Batting: RHB Jim Harris 0-0: Fly out, F9 (Flyball, 89D)
Bottom of the 6th over - 0 run(s), 0 hit(s), 0 error(s), 0 left on base; Phoenix 4 - Tortolita 0
TOP OF THE 7TH
Phoenix Hotspur Reserves batting - Pitching for Tortolita Drummers : RHP Luis Ríos
Batting: RHB Christian O'Neal 0-0: Foul Ball, location: 2F
0-1: Ball
1-1: Foul Ball, location: 2F
1-2: Ball
2-2: Strikes out looking
Batting: RHB Gabriel Pérez 0-0: Ball
1-0: Called Strike
1-1: Called Strike
1-2: Ground out 6-3 (Groundball, 56)
Batting: RHB Randy Rehling 0-0: Called Strike
0-1: Foul Ball, location: 2F
0-2: Strikes out looking
Top of the 7th over - 0 run(s), 0 hit(s), 0 error(s), 0 left on base; Phoenix 4 - Tortolita 0
BOTTOM OF THE 7TH
Tortolita Drummers batting - Pitching for Phoenix Hotspur Reserves : RHP Richard Carlson
Batting: SHB Cedric Fields 0-0: Called Strike
0-1: DOUBLE (Flyball, 78M)
Batting: LHB Adrián Franco 0-0: Ball
1-0: Called Strike
1-1: Ball
2-1: Foul Ball, location: 2F
2-2: Strikes out swinging
Batting: RHB Nick Reed 0-0: Foul Ball, location: 2F
0-1: Ball
1-1: Swinging Strike
1-2: Fly out, F8 (Flyball, 8LM)
Pitching: RHP Roderick Draper
Batting: SHB Mauro López 0-0: Ball
1-0: Fly out, F7 (Flyball, 78S)
Bottom of the 7th over - 0 run(s), 1 hit(s), 0 error(s), 1 left on base; Phoenix 4 - Tortolita 0
TOP OF THE 8TH
Phoenix Hotspur Reserves batting - Pitching for Tortolita Drummers : RHP Luis Ríos
Batting: SHB Roberto López 0-0: Called Strike
0-1: Called Strike
0-2: Ball
1-2: Foul Ball, location: 2F
1-2: Ball
2-2: Ball
3-2: Ground out U3 (Groundball, 3)
Batting: RHB Martín Martínez 0-0: Ball
1-0: Foul Ball, location: 2F
1-1: Swinging Strike
1-2: Strikes out swinging
Batting: RHB Jorge Gonzáles 0-0: Ground out 1-3 (Groundball, 13)
Top of the 8th over - 0 run(s), 0 hit(s), 0 error(s), 0 left on base; Phoenix 4 - Tortolita 0
BOTTOM OF THE 8TH
Tortolita Drummers batting - Pitching for Phoenix Hotspur Reserves : RHP Roderick Draper
Batting: RHB Jorge Féliz 0-0: Ground out 5-3 (Groundball, 56)
Batting: RHB Lonnie Conrad 0-0: Ground out 6-3 (Groundball, 6M)
Batting: SHB Will Brock 0-0: Ball
1-0: Ball
2-0: Foul Ball, location: 2F
2-1: Foul Ball, location: 2F
2-2: Strikes out swinging
Bottom of the 8th over - 0 run(s), 0 hit(s), 0 error(s), 0 left on base; Phoenix 4 - Tortolita 0
TOP OF THE 9TH
Phoenix Hotspur Reserves batting - Pitching for Tortolita Drummers : RHP Luis Ríos
Pitching: LHP Jud Riggs
Batting: RHB Júlio Mateo 0-0: Fly out, F8 (Line Drive, 8LM)
Batting: RHB Ben Anderson 0-0: Called Strike
0-1: Swinging Strike
0-2: Strikes out looking
Batting: SHB Jesús González 0-0: Called Strike
0-1: Swinging Strike
0-2: Hit by Pitch
Batting: RHB Christian O'Neal 0-0: Ball
1-0: Called Strike
1-1: Ball
2-1: Ball
3-1: Base on Balls
Jesús González to second
Batting: RHB Gabriel Pérez 0-0: Ball
1-0: Called Strike
1-1: Called Strike
1-2: Ground out 6-3 (Groundball, 6)
Top of the 9th over - 0 run(s), 0 hit(s), 0 error(s), 2 left on base; Phoenix 4 - Tortolita 0
BOTTOM OF THE 9TH
Tortolita Drummers batting - Pitching for Phoenix Hotspur Reserves : RHP Roderick Draper
Batting: SHB Dan Godwin 0-0: Ball
1-0: Ball
2-0: Fly out, F8 (Flyball, 8LM)
Batting: RHB Jim Harris 0-0: Ground out 6-3 (Groundball, 6)
Batting: SHB Cedric Fields 0-0: Foul Ball, location: 2F
0-1: Ball
1-1: Ground out 6-3 (Groundball, 6)
Bottom of the 9th over - 0 run(s), 0 hit(s), 0 error(s), 0 left on base; Phoenix 4 - Tortolita 0
This league is powered by Out of the Park Baseball, the baseball management simulation game for PC, Mac and Linux
Friday, April 15th, 2016 - OOTP Baseball 16.9 Build 39